 Dungeon Crawl Stone Soup version 0.31-a0-204-g7da18cac08 (webtiles) character file.

Game seed: 11081837864071887336

203 qw the Skirmisher (level 5, -2/29 HPs)
             Began as a Deep Elf Hunter on June 27, 2023.
             Slain by Edmund
             ... wielding a +2 heavy flail
              (11 damage)
             ... on level 4 of the Dungeon.
             The game lasted 00:01:06 (2228 turns).

qw the Skirmisher (Deep Elf Hunter)                 Turns: 2228, Time: 00:01:07

Health: -2/29      AC: 11    Str:  7 (8)  XL:     5   Next: 51%
Magic:  7/7        EV: 10    Int: 13 (14) God:
Gold:   48         SH:  0    Dex: 19 (22) Spells: 4/4 levels left

rFire   x . .        Y - +1 shortbow
rCold   . . .        (shield currently unavailable)
rNeg    . . .        f - +1 ring mail
rPois   .            b - +1 helmet
rElec   .            (no cloak)
rCorr   .            m - +0 pair of gloves
SInv    .            g - +1 pair of boots "Edaiduoff" {Fly rF- Str-2 Dex+4}
Will    .....        i - amulet of the acrobat
Stlth   +            (no ring)
HPRegen 0.24/turn    (no ring)
MPRegen 0.10/turn

%: acrobat
@: flying
A: no striking features
a: no special abilities


You were on level 4 of the Dungeon.
You visited 1 branch of the dungeon, and saw 4 of its levels.

You collected 191 gold pieces.
You spent 143 gold pieces at shops.


   Skills:
 - Level 1.5 Fighting
 + Level 8.5 Ranged Weapons
 - Level 1.5 Armour
 - Level 2.4 Dodging
 - Level 1.2 Stealth


You had 4 spell levels left.
You didn't know any spells.
Your spell library was empty.

Inventory:

Hand Weapons
 Y - a +1 shortbow (weapon)
Armour
 b - a +1 helmet (worn)
 f - a +1 ring mail (worn)
 g - the +1 pair of boots "Edaiduoff" (worn) {Fly rF- Str-2 Dex+4}
   (You found it on level 3 of the Dungeon)

   Str:       It affects your strength (-2).
   Dex:       It affects your dexterity (+4).
   rF:        It makes you vulnerable to fire.
   Fly:       It grants you flight.
 m - a +0 pair of gloves (worn)
Jewellery
 i - an amulet of the acrobat (around neck)
Scrolls
 h - a scroll of acquirement {unknown}
 l - a scroll of identify {unknown}
Potions
 a - a potion of lignification {unknown}
 c - a potion of berserk rage {unknown}
 d - 3 potions of curing
 e - a potion of magic {unknown}
 j - 3 potions of might
 k - a potion of mutation {unknown}

Dungeon Overview and Level Annotations

Branches:
Dungeon (4/15)
 Temple: D:4-7

Altars:

Shops:
D:3 !

Annotations:
D:4 Edmund


Message History

Edmund is lightly wounded.
Edmund clears his throat.
You shoot an arrow. The arrow hits Edmund!
Edmund is moderately wounded.
You shoot an arrow. The arrow barely misses Edmund.
You shoot an arrow. The arrow closely misses Edmund.
You shoot an arrow. The arrow hits Edmund.
Edmund is moderately wounded.
You shoot an arrow. The arrow barely misses Edmund.
Edmund closely misses you.
You shoot an arrow. The arrow barely misses Edmund.
Edmund completely misses you.
You shoot an arrow. The arrow hits Edmund.
Edmund is heavily wounded.
Edmund hits you with a +2 heavy flail.
You shoot an arrow.
The arrow hits Edmund but does no damage.
Edmund is heavily wounded.
Edmund barely misses you.
You shoot an arrow.
The arrow hits Edmund but does no damage.
Edmund is heavily wounded.
You shoot an arrow. The arrow hits Edmund!
Edmund is heavily wounded.
Edmund hits you with a +2 heavy flail.
You shoot an arrow.
The arrow hits Edmund but does no damage.
Edmund is heavily wounded.
Edmund barely misses you.
You shoot an arrow. The arrow closely misses Edmund.
Edmund hits you with a +2 heavy flail.
You shoot an arrow. The arrow hits Edmund.
Edmund is severely wounded.
You shoot an arrow. The arrow barely misses Edmund.
Edmund hits you with a +2 heavy flail!
You shoot an arrow.
The arrow hits Edmund but does no damage.
Edmund is severely wounded.
Edmund hits you with a +2 heavy flail!
You die...

#. ####......... ##..
###............
##...#####...##....)<...
#.....#....####.........
........#### #..>......
........#######.........
...##.#......##.#.######
#. #........##...#
#..@########### ###
#.....@%..# #####..
...........'... #...#..
####....8..'... #....
#.......'... #~...
##......#... #~~..
#...####### #~... ####.
..##~... ....~.~)


You could see Edmund.

Vanquished Creatures
  A howler monkey (D:4)
  4 gnolls (D:3)
  4 adders
  An ufetubus (D:4)
  2 worms
  A dart slug (D:3)
  4 orcs (D:3)
  4 ball pythons
  5 bats (D:1)
  4 endoplasms
  3 giant cockroaches
  6 hobgoblins
  5 jackals
  6 kobolds
  2 quokkas
  3 frilled lizards
  11 goblins
  4 rats (D:1)
70 creatures vanquished.

Notes
Turn   | Place    | Note
-------+----------+-------------------------------------------
     0 | D:1      | qw the Deep Elf Hunter began the quest for the Orb.
     0 | D:1      | Reached XP level 1. HP: 12/12 MP: 3/3
     0 | D:1      | 0 ||| qw: Version: 0.3-a-22-g0ed2b0b
     0 | D:1      | 0 ||| qw: Game counter: 6492
     0 | D:1      | 0 ||| qw: Melee chars always use a shield: true
     0 | D:1      | 0 ||| qw: God list: Okawaru
     0 | D:1      | 0 ||| qw: Allow faded altars: false
     0 | D:1      | 0 ||| qw: Do Orc after clearing Dungeon:15 true
     0 | D:1      | 0 ||| qw: Do second Lair branch before Depths: true
     0 | D:1      | 0 ||| qw: Lair rune preference: random
     0 | D:1      | 0 ||| qw: Goals: Normal
     0 | D:1      | 0 ||| PLANNING D:1-11
    90 | D:1      | Reached XP level 2. HP: 16/16 MP: 4/4
   105 | D:1      | Reached skill level 6 in Ranged Weapons
   376 | D:1      | Found a faded altar of an unknown god.
   387 | D:1      | 387 ||| UPGRADING to +0 ring mail.
   397 | D:1      | 397 ||| DROPPING +0 leather armour.
   398 | D:1      | 398 ||| READING scroll labelled WOVAV INNAFE.
   499 | D:1      | 499 ||| READING scroll labelled WEYBIFR DASCH.
   500 | D:1      | 500 ||| READING scroll labelled TEEHON WUFE.
   501 | D:1      | 501 ||| DROPPING scroll of butterflies.
   541 | D:2      | Reached XP level 3. HP: 20/20 MP: 5/5
   578 | D:2      | 578 ||| FLEEEEING.
   579 | D:2      | 579 ||| FLEEEEING.
   580 | D:2      | 580 ||| FLEEEEING.
   581 | D:2      | 581 ||| FLEEEEING.
   582 | D:2      | 582 ||| FLEEEEING.
   583 | D:2      | 583 ||| FLEEEEING.
   584 | D:2      | 584 ||| FLEEEEING.
   592 | D:2      | 592 ||| FLEEEEING.
   593 | D:2      | 593 ||| STAIRDANCE
   602 | D:1      | 602 ||| READING scroll labelled ZIDYRI VAELAE.
   605 | D:2      | 605 ||| STAIRDANCE
   660 | D:2      | 660 ||| STAIRDANCE
   854 | D:2      | 854 ||| READING scroll of enchant armour.
   854 | D:2      | 854 ||| ENCHANTING +0 ring mail.
   932 | D:2      | Reached skill level 7 in Ranged Weapons
  1180 | D:2      | 1180 ||| UPGRADING to +0 helmet.
  1229 | D:3      | 1229 ||| DROPPING +0 sling of flaming.
  1402 | D:3      | Identified the +1 pair of boots "Edaiduoff" {Fly rF- Str-2
                  | Dex+4}
  1414 | D:3      | 1414 ||| Stepping ~*~*~tactically~*~*~ (outnumbered).
  1418 | D:3      | Reached XP level 4. HP: 24/25 MP: 6/6
  1493 | D:3      | 1493 ||| READING scroll of enchant armour.
  1493 | D:3      | 1493 ||| ENCHANTING +0 helmet.
  1543 | D:3      | Reached skill level 8 in Ranged Weapons
  1627 | D:3      | Found Kivezxoh's Distillery.
  1638 | D:3      | 1638 ||| BUYING 2 potions of might (104 gold).
  1638 | D:3      | Bought 2 potions of might for 104 gold pieces
  1638 | D:3      | 1638 ||| SHOPLISTING potion of cancellation (104 gold, have
                  | 67).
  1638 | D:3      | 1638 ||| BUYING potion of curing (39 gold).
  1638 | D:3      | Bought a potion of curing for 39 gold pieces
  1638 | D:3      | 1638 ||| SHOPLISTING potion of enlightenment (65 gold, have
                  | 28).
  1638 | D:3      | 1638 ||| SHOPLISTING potion of haste (130 gold, have 28).
  1638 | D:3      | 1638 ||| SHOPLISTING potion of heal wounds (65 gold, have
                  | 28).
  1971 | D:3      | 1971 ||| UPGRADING to +1 pair of boots "Edaiduoff" {Fly rF-
                  | Str-2 Dex+4}.
  1976 | D:3      | 1976 ||| UPGRADING to +0 pair of gloves.
  1981 | D:3      | 1981 ||| UPGRADING to amulet of the acrobat.
  1986 | D:3      | 1986 ||| READING scroll labelled EROEDDIRUM.
  1987 | D:3      | 1987 ||| READING scroll labelled EGGESTRUEFF.
  1988 | D:3      | 1988 ||| DRINKING 2 silvery potions.
  1989 | D:3      | 1989 ||| DROPPING potion of degeneration.
  2068 | D:4      | Reached skill level 1 in Armour
  2068 | D:4      | Reached XP level 5. HP: 29/29 MP: 7/7
  2211 | D:4      | Noticed Edmund
  2228 | D:4      | Slain by Edmund

Levels and vault maps discovered:
D:1:      dpeg_arrival_rooms_b, layout_rooms, ebering_ecumenical_altar_rust
D:2:      layout_basic
D:3:      layout_loops_ring, serial_shops, shop, nrook_mini_backslash
D:4:      layout_rooms, trog_butcher_becter, slow_altar_2,
          minmay_temple_entry_gardened_gates, serial_rivers,
          chequers_serial_rivers_micro_c, chequers_serial_rivers_micro_a,
          chequers_serial_rivers_micro_c, chequers_serial_rivers_micro_e,
          chequers_serial_rivers_room_a, chequers_serial_rivers_small_a,
          uniq_edmund

Skill      XL: |  1  2  3  4 |
---------------+-------------+-----
Ranged Weapons | 6 7 8 |  8.5
Armour         | 1 |  1.5
Fighting       | |  1.5
Dodging        | |  2.4
Stealth        | |  1.2

Action                     |  1- 3 |  4- 6 || total
---------------------------+-------+-------++-------
   Fire: Shortbow          |   122 |   134 ||   256
    Use: Scroll            |     5 |     3 ||     8
         Potion            |       |     1 ||     1
 Armour: Leather armour    |     6 |       ||     6
         Ring mail         |    13 |    23 ||    36
  Dodge: Dodged            |    18 |    38 ||    56

Table legend:
 A = Non-vault XP
 B = Vault XP
 C = Vault XP percentage of total XP
 D = Non-vault monster count
 E = Vault monster count
 F = Vault count percentage of total count
                 A         B        C        D         E       F
            +---------+---------+-------+---------+---------+-------
      Total |     285 |       5 |   1.7 |      69 |       1 |   1.4
            +---------+---------+-------+---------+---------+-------
        D:1 |      40 |       0 |   0.0 |      26 |       0 |   0.0
        D:2 |      36 |       0 |   0.0 |      14 |       0 |   0.0
        D:3 |      95 |       0 |   0.0 |      19 |       0 |   0.0
        D:4 |     114 |       5 |   4.2 |      10 |       1 |   9.1
            +---------+---------+-------+---------+---------+-------
